 Dungeon Crawl Stone Soup version 0.22-a0-352-gc608dd7 (webtiles) character file.

1224 Amnesiac the Digger (level 8, -3/52 HPs)
             Began as a Mummy Earth Elementalist on Apr 15, 2018.
             Was an Initiate of Sif Muna.
             Slain by an ogre
             ... wielding a +0 giant club
              (19 damage)
             ... on level 6 of the Dungeon.
             The game lasted 00:09:20 (5396 turns).

Amnesiac the Digger (Mummy Earth Elementalist)      Turns: 5396, Time: 00:09:21

Health: -3/52      AC:  7    Str: 11    XL:     8   Next: 23%
Magic:  3/18       EV: 12    Int: 17    God:    Sif Muna [......]
Gold:   338        SH:  3    Dex: 12    Spells: 6/21 levels left

rFire    x . .     SeeInvis .   a - +0 dagger (venom)
rCold    + . .     Gourm    .   (no shield)
rNeg     + + +     Faith    .   c - +0 robe
rPois    ∞         Spirit   .   g - +0 helmet
rElec    .         Reflect  +   r - +0 cloak
rCorr    .         Harm     .   f - +2 pair of gloves
MR       +....                  (no boots)
Stlth    ++........             e - +3 amulet of reflection
HPRegen  0.17/turn              o - ring of flight
MPRegen  0.16/turn              (no ring)

@: no status effects
A: no food or potions, fire vulnerability, cold resistance 1, negative energy
resistance 3, torment resistance, unbreathing
a: Renounce Religion, Evoke Flight


You were on level 6 of the Dungeon.
You worshipped Sif Muna.
Sif Muna was noncommittal.
You were not hungry.

You visited 2 branches of the dungeon, and saw 7 of its levels.

You collected 338 gold pieces.

Inventory:

Hand Weapons
 a - a +0 dagger of venom (weapon)
Missiles
 b - 52 stones (quivered)
 h - 4 poisoned needles
Armour
 c - a +0 robe (worn)
 f - a +2 pair of gloves (worn)
 g - a +0 helmet (worn)
 q - a +0 buckler
 r - a +0 cloak (worn)
Jewellery
 e - a +3 amulet of reflection (around neck)
 o - a ring of flight (left hand)
Scrolls
 d - 4 scrolls of identify {!r, unknown}
 i - 2 scrolls of blinking {!r, unknown}
 j - 5 scrolls of remove curse {!r, unknown}
 k - a scroll of teleportation {!r, unknown}
 l - a scroll of immolation {!r, unknown}
 m - a scroll of enchant weapon {!r, unknown}
 n - a scroll of amnesia {!r, unknown}
 p - 2 scrolls of enchant armour {!r, unknown}


   Skills:
 - Level 1.5 Dodging
 - Level 1.5 Stealth
 + Level 7.2 Spellcasting
 - Level 0.7 Transmutations
 * Level 7.3 Earth Magic


You had 6 spell levels left.
You knew the following spells:

 Your Spells              Type           Power        Failure   Level  Hunger
a - Sandblast             Erth           ####..       1%          1    N/A
b - Passwall              Tmut/Erth      ###.......   3%          2    N/A
c - Lee's Rapid Deconstr  Erth           ####......   16%         5    N/A
d - Stone Arrow           Conj/Erth      ###...       8%          3    N/A
e - Petrify               Tmut/Erth      ###.....     22%         4    N/A

Dungeon Overview and Level Annotations

Branches:
Dungeon (6/15)             Temple (1/1) D:5

Altars:
Ashenzari
Cheibriados
Elyvilon
Fedhas
Gozag
Hepliaklqana
Kikubaaqudgha
Nemelex Xobeh
Okawaru
Qazlal
Ru
Sif Muna
Trog
Uskayaw
Vehumet
Wu Jian
Xom
Yredelemnul
Zin
The Shining One

Shops:
D:4 (

Annotations:
D:1 Ijyb


Innate Abilities, Weirdness & Mutations

You do not eat or drink.
Your flesh is vulnerable to fire.
You are immune to poison.
Your flesh is cold resistant. (rC+)
You are immune to negative energy. (rN+++)
You are immune to unholy pain and torment.
You can survive without breathing.


Message History

Unknown command.
Found a stone staircase leading down.
Found a stone staircase leading up.
Magic restored.
As you open the door, it creaks loudly!
An orc and an orc wizard come into view.
The orc shouts!
You hear a shout!
An orc wizard comes into view. It is wielding a dagger.
Found a scroll labeled WYFFIYMMIKH and a war axe.
Found an escape hatch in the floor.
There is an open door here.
Casting: Stone Arrow (safe; 8% risk of failure)
Confirm with . or Enter, or press ? or * to list all spells.
Aiming: Stone Arrow (safe; 8% risk of failure)
Press: ? - help, Shift-Dir - straight line, f - orc wizard
Aim: an orc wizard, wielding a dagger and wearing a robe The stone arrow hits the orc wizard.
The orc wizard is heavily wounded.
An orc priest comes into view. It is wielding a mace.
Casting: Stone Arrow (safe; 8% risk of failure)
Confirm with . or Enter, or press ? or * to list all spells.
Aiming: Stone Arrow (safe; 8% risk of failure)
Press: ? - help, Shift-Dir - straight line, f/p - orc wizard
Aim: an orc wizard, wielding a dagger and wearing a robe (heavily wounded)
The stone arrow hits the orc.
You kill the orc!
Sif Muna accepts your kill.
The orc priest shouts!
The orc wizard gestures wildly while chanting.
The orc wizard flickers and vanishes!
Deactivating autopickup; reactivate with Ctrl-A.
A centaur and an ogre come into view.
Casting: Stone Arrow (safe; 8% risk of failure)
Confirm with . or Enter, or press ? or * to list all spells.
Aiming: Stone Arrow (safe; 8% risk of failure)
Press: ? - help, Shift-Dir - straight line, f/p - orc wizard
Aim: an orc wizard, wielding a dagger and wearing a robe (heavily wounded)
The stone arrow hits the orc wizard.
The orc wizard is almost dead.
Casting: Stone Arrow (safe; 8% risk of failure)
Confirm with . or Enter, or press ? or * to list all spells.
Aiming: Stone Arrow (safe; 8% risk of failure)
Press: ? - help, Shift-Dir - straight line, f/p - orc wizard
Aim: an orc wizard, wielding a dagger and wearing a robe (almost dead)
The stone arrow hits the orc wizard.
You kill the orc wizard!
Sif Muna accepts your kill. The ogre barely misses you.
Casting: Stone Arrow (safe; 8% risk of failure)
Confirm with . or Enter, or press ? or * to list all spells.
Aiming: Stone Arrow (safe; 8% risk of failure)
Press: ? - help, Shift-Dir - straight line, f - ogre
Aim: an ogre, wielding a giant club The stone arrow hits the ogre.
The ogre is moderately wounded.
The ogre hits you with a giant club!
There is a stone staircase leading up here.
The orc priest calls down the wrath of Beogh upon you.
Beogh smites you!
* * * LOW HITPOINT WARNING * * *
The centaur wields a shortbow.
The centaur shoots an arrow.
The arrow hits you!
* * * LOW HITPOINT WARNING * * *
The ogre hits you with a giant club!!
You die...

.............# ?...#
.............# ....#
.............# ....#
#######.####.# ....#
).....#..# #.# ....###
....[.##.###.#######o......
..................c'))....>
####...............#.......
# #............@O.#.......
# #...............#.......
#..[........######.#####
#######.##[### #.#§
#....##.##.# #.#§§
#....##..#.# #.#§§§
#....###.#.# #....# #...# #
#....# ##..#


You could see an ogre, a centaur and an orc priest.

Vanquished Creatures
  The ghost of Nib the Covert, a novice OpAs (D:4)
  Edmund (D:6)
  3 bullfrogs (D:6)
  A crimson imp (D:6)
  A jelly (D:5)
  2 orc priests
  5 orc wizards
  4 worker ants
  Robin (D:2)
  A worker ant zombie (D:5)
  13 adders
  A shadow imp (D:6)
  4 oozes
  2 adder skeletons
  An adder zombie (D:5)
  A worm (D:3)
  4 dart slugs
  3 leopard geckos
  14 orcs
  5 ball pythons
  6 giant cockroaches
  20 goblins
  6 hobgoblins
  5 jackals
  7 kobolds
  3 quokkas
  3 bats (D:1)
  4 frilled lizards
  A quokka skeleton (D:5)
  4 rats
127 creatures vanquished.

Notes
Turn   | Place    | Note
-------+----------+-------------------------------------------
     0 | D:1      | Amnesiac the Mummy Earth Elementalist began the quest for the Orb.
     0 | D:1      | Reached XP level 1. HP: 13/13 MP: 4/4
    77 | D:1      | Reached XP level 2. HP: 17/19 MP: 3/5
    81 | D:1      | Learned a level 2 spell: Passwall
   603 | D:1      | Reached XP level 3. HP: 24/24 MP: 3/7
  1065 | D:2      | Noticed Ijyb
  1504 | D:2      | Learned a level 3 spell: Stone Arrow
  1611 | D:2      | Reached XP level 4. HP: 30/30 MP: 6/9
  1965 | D:2      | Noticed Robin
  1988 | D:2      | Killed Robin
  2191 | D:2      | Found a shimmering altar of Xom.
  2518 | D:3      | Reached XP level 5. HP: 35/35 MP: 1/11
  2970 | D:3      | Found an iron altar of Okawaru.
  2970 | D:3      | Found an ornate altar of the Wu Jian Council.
  3023 | D:3      | Learned a level 5 spell: Lee's Rapid Deconstruction
  3420 | D:3      | Reached XP level 6. HP: 41/41 MP: 11/13
  3496 | D:4      | Reached skill level 5 in Earth Magic
  3575 | D:4      | Found Qoklileq's Antique Weapon Shoppe.
  3590 | D:4      | Reached skill level 5 in Spellcasting
  3593 | D:4      | Noticed Nib's ghost (novice OpAs)
  3618 | D:4      | Killed Nib's ghost
  3618 | D:4      | Reached XP level 7. HP: 41/46 MP: 6/15
  4169 | D:5      | Entered Level 5 of the Dungeon
  4176 | D:5      | Found a blossoming altar of Fedhas.
  4177 | D:5      | Found a glowing silver altar of Zin.
  4714 | D:5      | Found a staircase to the Ecumenical Temple.
  4786 | Temple   | Entered the Ecumenical Temple
  4791 | Temple   | Became a worshipper of Sif Muna the Loreminder
  5111 | D:6      | Reached XP level 8. HP: 51/52 MP: 11/18
  5154 | D:6      | Noticed Edmund
  5189 | D:6      | Killed Edmund
  5267 | D:6      | Learned a level 4 spell: Petrify
  5396 | D:6      | Slain by an ogre

Vault maps used:
D:1:      mrwooster_arrival_statue_3
D:2:      kennysheep_the_goblin_king, lemuel_crystal_altar, uniq_robin
D:3:      nicolae_overflow_hidden_temple, minmay_snake_closets
D:4:      serial_shops, shop
D:5:      gammafunk_temple_overflow_pools, temple_fountains, first_ration
D:6:      marbit_many_paths, serial_shops, kennysheep_mini_moat,
          nicolae_qazlal_eye_of_the_storm, uniq_edmund
Temple:   minmay_freezing_vapour_temple

Skill      XL: |  1  2  3  4  5  6  7  8 |
---------------+-------------------------+-----
Earth Magic    | 3 4 5 6 7 |  7.3
Spellcasting   | 3 4 5 6 7 |  7.2
Dodging        | |  1.5
Stealth        | |  1.5
Transmutations | |  0.7

Action                   |  1- 3 |  4- 6 |  7- 9 || total
-------------------------+-------+-------+-------++-------
Melee: Unarmed           |       |     3 |       ||     3
       Dagger            |       |       |    58 ||    58
 Cast: Sandblast         |    74 |   101 |    43 ||   218
       Stone Arrow       |       |     6 |     7 ||    13
       Passwall          |       |     5 |       ||     5
       Lee's Rapid Decon |       |     1 |       ||     1
Armor: Robe              |     5 |    11 |     8 ||    24
Dodge: Dodged            |    18 |    25 |    33 ||    76
Block: Other             |       |     7 |     5 ||    12
       Reflection        |       |     1 |       ||     1

Table legend:
 A = Spawn XP
 B = Non-spawn XP
 C = Spawn XP percentage of total XP
 D = Spawn monster count
 E = Non-spawn monster count
 F = Spawn count percentage of total count
 G = Total turns spent on level
                    A         B        C        D         E        F      G
               +---------+---------+-------+---------+---------+-------+---------
         Total |       0 |    1749 |   0.0 |       0 |     127 |   0.0 |  5396
               +---------+---------+-------+---------+---------+-------+---------
           D:1 |       0 |      55 |   0.0 |       0 |      26 |   0.0 |  1252
           D:2 |       0 |     166 |   0.0 |       0 |      30 |   0.0 |  1335
           D:3 |       0 |     186 |   0.0 |       0 |      28 |   0.0 |   892
           D:4 |       0 |     468 |   0.0 |       0 |      17 |   0.0 |   690
           D:5 |       0 |     303 |   0.0 |       0 |      16 |   0.0 |   879
           D:6 |       0 |     571 |   0.0 |       0 |      10 |   0.0 |   337
               +---------+---------+-------+---------+---------+-------+---------
